BSA
ST CHARLES SHEENS @ GREENVILLE 84S
05/18/2024
 
TOP OF THE 1ST
St Charles Sheens batting - Pitching for Greenville 84s : RHP Jing-xiang Fa
Pitching: RHP Jing-xiang Fa
Batting: LHB Marcos Cantú 0-0: Ground out 4-3 (Groundball, 4M)
Batting: LHB Jeff Carter 0-0: Swinging Strike
0-1: Foul Ball, location: 2F
0-2: Ball
1-2: Ball
2-2: Ground out 4-3 (Groundball, 34)
Batting: RHB Judson Backstrom 0-0: Ball
1-0: Swinging Strike
1-1: Ground out 4-3 (Groundball, 4)
Top of the 1st over - 0 run(s), 0 hit(s), 0 error(s), 0 left on base; St Charles 0 - Greenville 0
BOTTOM OF THE 1ST
Greenville 84s batting - Pitching for St Charles Sheens : RHP Joe O'Sullivan
Pitching: RHP Joe O'Sullivan
Batting: RHB Carlos Torres 0-0: Called Strike
0-1: Ball
1-1: Swinging Strike
1-2: Strikes out swinging
Batting: LHB Chris Moore 0-0: Ball
1-0: Ball
2-0: Ball
3-0: Base on Balls
Batting: RHB Enzo Díaz 0-0: Ball
1-0: Ball
2-0: Called Strike
2-1: Swinging Strike
2-2: Ball
3-2: Foul Ball, location: 2F
3-2: Fly out, F9 (Flyball, 9S)
Batting: LHB Jimmy Vickers 0-0: Ground out 1-3 (Groundball, 25)
Bottom of the 1st over - 0 run(s), 0 hit(s), 0 error(s), 1 left on base; St Charles 0 - Greenville 0
TOP OF THE 2ND
St Charles Sheens batting - Pitching for Greenville 84s : RHP Jing-xiang Fa
Batting: LHB Bob Ware 0-0: Called Strike
0-1: Ball
1-1: Reached on error, E4 (Groundball, 34)
Batting: RHB Guo-xiu Choi 0-0: Called Strike
0-1: Foul Ball, location: 2F
0-2: Ball
1-2: Strikes out looking
Batting: LHB Gene Cooper 0-0: Called Strike
0-1: Foul Ball, location: 2F
0-2: Ball
1-2: Foul Ball, location: 2F
1-2: Grounds into double play, 4-6-3 (Groundball, 4)
Top of the 2nd over - 0 run(s), 0 hit(s), 1 error(s), 0 left on base; St Charles 0 - Greenville 0
BOTTOM OF THE 2ND
Greenville 84s batting - Pitching for St Charles Sheens : RHP Joe O'Sullivan
Batting: LHB Paco Rosas 0-0: Called Strike
0-1: Ball
1-1: Ball
2-1: Swinging Strike
2-2: Ground out 3-1 (Groundball, 34S)
Batting: LHB Kiyonaga Morita 0-0: Called Strike
0-1: Foul Ball, location: 2F
0-2: Ground out 6-3 (Groundball, 6)
Batting: LHB Vicente Bueno 0-0: Ball
1-0: Ground out 4-3 (Groundball, 4)
Bottom of the 2nd over - 0 run(s), 0 hit(s), 0 error(s), 0 left on base; St Charles 0 - Greenville 0
TOP OF THE 3RD
St Charles Sheens batting - Pitching for Greenville 84s : RHP Jing-xiang Fa
Batting: RHB Max Rash 0-0: Foul Ball, location: 2F
0-1: Ball
1-1: Ball
2-1: SINGLE (Groundball, 25) (infield hit)
Batting: RHB Xavier Feliciano 0-0: Ball
1-0: Foul Ball, location: 2F
1-1: Called Strike
1-2: Strikes out swinging
Batting: RHB Kel Pierce 0-0: Ball
1-0: Ball
2-0: Called Strike
2-1: SINGLE (Groundball, 13) (infield hit)
Max Rash to second
Batting: LHB Marcos Cantú 0-0: Foul Ball, location: 2F
0-1: Fly out, F7 (Flyball, 7M)
Batting: LHB Jeff Carter 0-0: Called Strike
0-1: Ground out 4-3 (Groundball, 4MS)
Top of the 3rd over - 0 run(s), 2 hit(s), 0 error(s), 2 left on base; St Charles 0 - Greenville 0
BOTTOM OF THE 3RD
Greenville 84s batting - Pitching for St Charles Sheens : RHP Joe O'Sullivan
Batting: LHB Al Mills 0-0: Ball
1-0: Ball
2-0: Foul Ball, location: 2F
2-1: Ball
3-1: Called Strike
3-2: Foul Ball, location: 2F
3-2: SINGLE (Groundball, 3D)
Batting: LHB Mario Cornelo 0-0: 2-RUN HOME RUN (Flyball, 8RXD), Distance : 446 ft
Batting: RHB Carlos Torres 0-0: Ball
1-0: SINGLE (Groundball, 34)
Batting: LHB Chris Moore 0-0: Ball
1-0: Called Strike
1-1: Grounds into double play, 6-4-3 (Groundball, 6)
Batting: RHB Enzo Díaz 0-0: Ball
1-0: Foul Ball, location: 2F
1-1: Ball
2-1: Ball
3-1: Base on Balls
Batting: LHB Jimmy Vickers 0-0: Ball
1-0: Ball
2-0: Ball
3-0: Called Strike
3-1: Base on Balls
Enzo Díaz to second
Batting: LHB Paco Rosas 0-0: Ball
1-0: Foul Ball, location: 2F
1-1: 3-RUN HOME RUN (Line Drive, 89XD), Distance : 394 ft
Batting: LHB Kiyonaga Morita 0-0: Foul Ball, location: 2F
0-1: Ball
1-1: Fly out, F7 (Flyball, 7S)
Bottom of the 3rd over - 5 run(s), 4 hit(s), 0 error(s), 0 left on base; St Charles 0 - Greenville 5
TOP OF THE 4TH
St Charles Sheens batting - Pitching for Greenville 84s : RHP Jing-xiang Fa
Batting: RHB Judson Backstrom 0-0: Ball
1-0: Ground out U3 (Groundball, 3S)
Batting: LHB Bob Ware 0-0: Swinging Strike
0-1: Ball
1-1: Ground out 4-3 (Groundball, 13)
Batting: RHB Guo-xiu Choi 0-0: Foul Ball, location: 2F
0-1: Ball
1-1: Foul Ball, location: 2F
1-2: Ball
2-2: SINGLE (Line Drive, 9LS)
Batting: LHB Gene Cooper 0-0: Ball
1-0: Foul Ball, location: 2F
1-1: Foul Ball, location: 2F
1-2: SINGLE (Line Drive, 89S)
Guo-xiu Choi to second
Batting: RHB Max Rash 0-0: Ball
1-0: Called Strike
1-1: Ball
2-1: Fly out, F4 (Popup, 4MD)
Top of the 4th over - 0 run(s), 2 hit(s), 0 error(s), 2 left on base; St Charles 0 - Greenville 5
BOTTOM OF THE 4TH
Greenville 84s batting - Pitching for St Charles Sheens : RHP Joe O'Sullivan
Batting: LHB Vicente Bueno 0-0: TRIPLE (Line Drive, 8RXD)
Batting: LHB Al Mills 0-0: Ball
1-0: Called Strike
1-1: Foul Ball, location: 2F
1-2: Strikes out swinging
Batting: LHB Mario Cornelo 0-0: Called Strike
0-1: Ball
1-1: Called Strike
1-2: DOUBLE (Groundball, 3L)
Vicente Bueno scores
Batting: RHB Carlos Torres 0-0: Called Strike
0-1: Ground out 6-3 (Groundball, 6MS)
Mario Cornelo to third
Batting: LHB Chris Moore 0-0: Ball
1-0: Ball
2-0: Foul Ball, location: 2F
2-1: SINGLE (Flyball, 8LS)
Mario Cornelo scores
Pitching: RHP Sang-joon Pak
Batting: RHB Enzo Díaz 0-0: 2-RUN HOME RUN (Flyball, 78XD), Distance : 384 ft
Batting: LHB Jimmy Vickers 0-0: Ball
1-0: SINGLE (Groundball, 6MD)
Batting: LHB Paco Rosas 0-0: Ball
1-0: Ball
2-0: Ball
3-0: Called Strike
3-1: Called Strike
3-2: Foul Ball, location: 2F
3-2: Base on Balls
Jimmy Vickers to second
Batting: LHB Kiyonaga Morita 0-0: Ball
1-0: Ball
2-0: Foul Ball, location: 2F
2-1: Ball
3-1: DOUBLE (Flyball, 8LXD)
Jimmy Vickers scores
Paco Rosas to third
Runner from 3rd tries for Home, SAFE, no throw or cutoff
Batting: LHB Vicente Bueno 0-0: SINGLE (Line Drive, 34)
Kiyonaga Morita to third
Runner from 3rd tries for Home, SAFE, no throw or cutoff
Pitching: LHP Rubén Martínez
Batting: LHB Al Mills 0-0: Ball
1-0: Called Strike
1-1: Fielders Choice at 2nd, U6 (Groundball, 6M)
Bottom of the 4th over - 7 run(s), 7 hit(s), 0 error(s), 1 left on base; St Charles 0 - Greenville 12
TOP OF THE 5TH
St Charles Sheens batting - Pitching for Greenville 84s : RHP Jing-xiang Fa
Batting: RHB Xavier Feliciano 0-0: Ball
1-0: Ground out 4-3 (Groundball, 4M)
Batting: RHB Kel Pierce 0-0: Ball
1-0: Ball
2-0: Called Strike
2-1: Called Strike
2-2: Strikes out swinging
Batting: LHB Marcos Cantú 0-0: Ball
1-0: Ball
2-0: Ball
3-0: Called Strike
3-1: Base on Balls
Batting: LHB Jeff Carter 0-0: Ball
Marcos Cantú steals 2nd base
1-0: Ball
2-0: SINGLE (Groundball, 56D)
Marcos Cantú to third
Runner from 3rd tries for Home, SAFE, no throw or cutoff
Batting: RHB Judson Backstrom 0-0: Ball
1-0: Ball
2-0: Ball
3-0: Ground out 4-3 (Groundball, 4)
Top of the 5th over - 1 run(s), 1 hit(s), 0 error(s), 1 left on base; St Charles 1 - Greenville 12
BOTTOM OF THE 5TH
Greenville 84s batting - Pitching for St Charles Sheens : LHP Rubén Martínez
Batting: LHB Mario Cornelo 0-0: Ground out 6-3 (Groundball, 6)
Batting: RHB Carlos Torres 0-0: Ball
1-0: Called Strike
1-1: Foul Ball, location: 2F
1-2: Strikes out swinging
Batting: LHB Chris Moore 0-0: Ball
1-0: Called Strike
1-1: Called Strike
1-2: Ball
2-2: Foul Ball, location: 2F
2-2: Foul Ball, location: 2F
2-2: Foul Ball, location: 2F
2-2: Strikes out looking
Bottom of the 5th over - 0 run(s), 0 hit(s), 0 error(s), 0 left on base; St Charles 1 - Greenville 12
TOP OF THE 6TH
St Charles Sheens batting - Pitching for Greenville 84s : RHP Jing-xiang Fa
Batting: LHB Bob Ware 0-0: Ball
1-0: Foul Ball, location: 2F
1-1: Ball
2-1: Foul Ball, location: 2F
2-2: Ball
3-2: Foul Ball, location: 2F
3-2: Ground out 4-3 (Groundball, 4)
Batting: RHB Guo-xiu Choi 0-0: Swinging Strike
0-1: Foul Ball, location: 2F
0-2: Ball
1-2: Strikes out looking
Batting: LHB Gene Cooper 0-0: Ball
1-0: Foul Ball, location: 2F
1-1: Called Strike
1-2: Foul Ball, location: 2F
1-2: Foul Ball, location: 2F
1-2: Strikes out swinging
Top of the 6th over - 0 run(s), 0 hit(s), 0 error(s), 0 left on base; St Charles 1 - Greenville 12
BOTTOM OF THE 6TH
Greenville 84s batting - Pitching for St Charles Sheens : LHP Rubén Martínez
Batting: RHB Enzo Díaz 0-0: Ball
1-0: Called Strike
1-1: Called Strike
1-2: SOLO HOME RUN (Flyball, 7LD), Distance : 358 ft
Batting: LHB Jimmy Vickers 0-0: Called Strike
0-1: Ball
1-1: Swinging Strike
1-2: Ball
2-2: Strikes out swinging
Batting: LHB Paco Rosas 0-0: Swinging Strike
0-1: Ball
1-1: Swinging Strike
1-2: Ball
2-2: Foul Ball, location: 2F
2-2: Ball
3-2: Strikes out looking
Batting: LHB Kiyonaga Morita 0-0: Called Strike
0-1: Called Strike
0-2: Ball
1-2: Ball
2-2: Foul Ball, location: 2F
2-2: Ball
3-2: SOLO HOME RUN (Line Drive, 7LD), Distance : 356 ft
Pinch Hitting: LHB Luis Zúñiga 0-0: Ball
1-0: Ball
2-0: Called Strike
2-1: Swinging Strike
2-2: Fly out, F9 (Flyball, 89M)
Bottom of the 6th over - 2 run(s), 2 hit(s), 0 error(s), 0 left on base; St Charles 1 - Greenville 14
TOP OF THE 7TH
St Charles Sheens batting - Pitching for Greenville 84s : RHP Jing-xiang Fa
Now at 1B: Luis Zúñiga
Batting: RHB Max Rash 0-0: Ball
1-0: Foul Ball, location: 2F
1-1: Ball
2-1: Foul Ball, location: 2F
2-2: Foul Ball, location: 2F
2-2: Ball
3-2: SINGLE (Flyball, 8RS)
Pitching: RHP Ghidewon Hassan
Batting: RHB Xavier Feliciano 0-0: Called Strike
0-1: Called Strike
0-2: Ball
1-2: Fly out, F8 (Popup, 8RS)
Batting: RHB Kel Pierce 0-0: Ball
1-0: Ball
2-0: Ball
3-0: Foul Ball, location: 2F
3-1: Swinging Strike
3-2: SINGLE (Groundball, 56)
Max Rash to second
Batting: LHB Marcos Cantú 0-0: Hit by Pitch
Max Rash to third
Kel Pierce to second
Batting: LHB Jeff Carter 0-0: Called Strike
0-1: Ball
1-1: Swinging Strike
1-2: Ball
2-2: Ball
3-2: Foul Ball, location: 2F
3-2: Base on Balls
Max Rash scores
Kel Pierce to third
Marcos Cantú to second
Batting: RHB Judson Backstrom 0-0: Called Strike
0-1: Swinging Strike
0-2: Fly out, F4 (Popup, 34D)
Batting: LHB Bob Ware 0-0: Called Strike
0-1: Ball
1-1: Ball
2-1: Foul Ball, location: 2F
2-2: Ball
3-2: Base on Balls
Kel Pierce scores
Marcos Cantú to third
Jeff Carter to second
Batting: RHB Guo-xiu Choi 0-0: Ball
1-0: Ball
2-0: Called Strike
2-1: Foul Ball, location: 2F
2-2: SINGLE (Flyball, 7S)
Marcos Cantú scores
Jeff Carter to third
Bob Ware to second
Runner from 3rd tries for Home, throw and OUT!
Top of the 7th over - 3 run(s), 3 hit(s), 0 error(s), 2 left on base; St Charles 4 - Greenville 14
BOTTOM OF THE 7TH
Greenville 84s batting - Pitching for St Charles Sheens : LHP Rubén Martínez
Pitching: LHP Francisco Moreno
Batting: LHB Al Mills 0-0: Fly out, F8 (Popup, 4MD)
Batting: LHB Mario Cornelo 0-0: Ball
1-0: Called Strike
1-1: Called Strike
1-2: Strikes out looking
Batting: RHB Carlos Torres 0-0: Called Strike
0-1: Foul Ball, location: 2F
0-2: Ball
1-2: Ball
2-2: Ground out 5-3 (Groundball, 5)
Bottom of the 7th over - 0 run(s), 0 hit(s), 0 error(s), 0 left on base; St Charles 4 - Greenville 14
TOP OF THE 8TH
St Charles Sheens batting - Pitching for Greenville 84s : RHP Ghidewon Hassan
Batting: LHB Gene Cooper 0-0: Called Strike
0-1: Foul Ball, location: 2F
0-2: Ball
1-2: Foul Ball, location: 2F
1-2: Foul Ball, location: 2F
1-2: Ball
2-2: Ball
3-2: Ground out 4-3 (Groundball, 4)
Batting: RHB Max Rash 0-0: Swinging Strike
0-1: Swinging Strike
0-2: Strikes out swinging
Batting: RHB Xavier Feliciano 0-0: Foul Ball, location: 2F
0-1: Ball
1-1: Foul Ball, location: 2F
1-2: Fly out, F4 (Line Drive, 4D)
Top of the 8th over - 0 run(s), 0 hit(s), 0 error(s), 0 left on base; St Charles 4 - Greenville 14
BOTTOM OF THE 8TH
Greenville 84s batting - Pitching for St Charles Sheens : LHP Francisco Moreno
Batting: LHB Chris Moore 0-0: Foul Ball, location: 2F
0-1: Foul Ball, location: 2F
0-2: Ball
1-2: Ground out 5-3 (Groundball, 56)
Batting: RHB Enzo Díaz 0-0: Ball
1-0: Ball
2-0: Ball
3-0: Called Strike
3-1: Foul Ball, location: 2F
3-2: Base on Balls
Batting: LHB Jimmy Vickers 0-0: Called Strike
Enzo Díaz is caught stealing 2nd base
0-1: Foul Ball, location: 2F
0-2: Ball
1-2: SOLO HOME RUN (Flyball, 9D), Distance : 352 ft
Batting: LHB Paco Rosas 0-0: Ball
1-0: Ball
2-0: SINGLE (Flyball, 89S)
Batting: LHB Kiyonaga Morita 0-0: Called Strike
0-1: SINGLE (Groundball, 34D)
Paco Rosas to second
Runner from 2nd tries for 3rd, SAFE, no throw or cutoff
Batting: LHB Luis Zúñiga 0-0: Called Strike
0-1: Ball
1-1: Ground out 4-3 (Groundball, 4)
Bottom of the 8th over - 1 run(s), 3 hit(s), 0 error(s), 2 left on base; St Charles 4 - Greenville 15
TOP OF THE 9TH
St Charles Sheens batting - Pitching for Greenville 84s : RHP Ghidewon Hassan
Batting: RHB Kel Pierce 0-0: Ball
1-0: Foul Ball, location: 2F
1-1: Bunt missed!
1-2: Ground out 1-3 (Groundball, 15S)
Pitching: LHP Manuel Herrera
Batting: LHB Marcos Cantú 0-0: Foul Ball, location: 2F
0-1: Ball
1-1: Ball
2-1: Called Strike
2-2: Ball
3-2: Foul Ball, location: 2F
3-2: Strikes out looking
Batting: LHB Jeff Carter 0-0: Ball
1-0: Ball
2-0: Foul Ball, location: 2F
2-1: Ball
3-1: Base on Balls
Batting: RHB Judson Backstrom 0-0: Foul Ball, location: 2F
0-1: Foul Ball, location: 2F
0-2: Ground out 2-3 (Groundball, 23)
Top of the 9th over - 0 run(s), 0 hit(s), 0 error(s), 1 left on base; St Charles 4 - Greenville 15
This league is powered by Out of the Park Baseball, the baseball management simulation game for PC, Mac and Linux
Saturday, April 9th, 2016 - OOTP Baseball 16.8 Build 38